 Dungeon Crawl Stone Soup version 0.29-a0-334-gb41bcbb86e (webtiles) character file.

Game seed: 8935752464230549323

18489 rageheart7 the Impaler (level 12, -2/97 HPs)
             Began as a Merfolk Cinder Acolyte on Apr 14, 2022.
             Was an Initiate of Yredelemnul.
             Slain by a blink frog (7 damage)
             ... on level 2 of the Lair of Beasts.
             The game lasted 00:26:14 (13644 turns).

rageheart7 the Impaler (Merfolk Cinder Acolyte)    Turns: 13644, Time: 00:26:15

Health: -2/97      AC: 11    Str: 19    XL:     12   Next: 59%
Magic:  16/16      EV: 14    Int: 14    God:    Yredelemnul [......]
Gold:   993        SH:  0    Dex:  9    Spells: 16/16 levels left

rFire   + . .      SeeInvis .   C - +4 halberd
rCold   . . .      Faith    .   (shield currently unavailable)
rNeg    . . .      Spirit   .   F - +3 ring mail {rF+}
rPois   +          Reflect  .   d - +1 helmet
rElec   .          Harm     .   j - +0 cloak
rCorr   .          Rampage  .   (no gloves)
Will    .....                   i - +0 pair of boots
Stlth   ..........              y - amulet of regeneration
HPRegen 1.06/turn               c - ring of poison resistance
MPRegen 0.15/turn               w - +4 ring of slaying

@: frozen, very slow
A: (nimble swimmer 2), mertail, deformed body
a: Renounce Religion, Recall Undead Harvest


You were on level 2 of the Lair of Beasts.
You worshipped Yredelemnul.
Yredelemnul was noncommittal.
You visited 3 branches of the dungeon, and saw 15 of its levels.

You collected 993 gold pieces.

Inventory:

Hand Weapons
 C - a +4 halberd (weapon)
 K - a +3 trident of venom
Missiles
 x - 2 throwing nets (quivered)
Armour
 d - a +1 helmet (worn)
 i - a +0 pair of boots (worn)
 j - a +0 cloak (worn)
 F - a +3 ring mail of fire resistance (worn)
Jewellery
 c - a ring of poison resistance (left hand)
 e - an amulet of reflection
 h - a +4 ring of protection
 u - a ring of flight
 w - a +4 ring of slaying (right hand)
 y - an amulet of regeneration (around neck)
 H - a ring of positive energy
 N - an amulet of the acrobat
Wands
 a - a wand of flame (22)
 f - a wand of acid (1)
 l - a wand of mindburst (5)
 s - a wand of charming (14)
 A - a wand of iceblast (7)
 B - a wand of polymorph (5)
 E - a wand of paralysis (2)
Scrolls
 b - 3 scrolls of fog
 k - a scroll of enchant weapon
 n - 2 scrolls of immolation
 o - 7 scrolls of teleportation
 p - 5 scrolls of vulnerability
 q - 4 scrolls of fear
 r - a scroll of silence
 t - a scroll of amnesia
 v - a scroll of enchant armour
 G - 3 scrolls of blinking
 P - a scroll of identify
Potions
 g - a potion of magic
 m - 2 potions of brilliance
 z - 2 potions of resistance
 D - a potion of lignification
 J - a potion of ambrosia
 M - a potion of flight
 O - a potion of cancellation


   Skills:
 - Level 10.0 Fighting
 + Level 15.6 Polearms
 + Level 6.7 Armour
 + Level 11.6 Dodging
 - Level 2.6 Spellcasting
 - Level 3.0 Fire Magic
 + Level 6.1 Invocations


You had 16 spell levels left.
You didn't know any spells.
Your spell library contained the following spells:

 Spells                   Type           Power      Damage    Failure   Level
 Scorch                   Fire           20%        2d6       16%         2
 Sandblast                Erth           2%         2d4       36%         1
 Corpse Rot               Necr/Air       2%         N/A       50%         2
 Ensorcelled Hibernation  Hex/Ice        2%         N/A       50%         2
 Passwall                 Tmut/Erth      0%         N/A       50%         2
 Confusing Touch          Hex            1%         N/A       73%         3
 Portal Projectile        Hex/Tloc       2%         N/A       73%         3
 Stone Arrow              Conj/Erth      2%         3d7       73%         3
 Swiftness                Air            1%         N/A       73%         3
 Dispel Undead            Necr           1%         3d6       98%         4
 Blade Hands              Tmut           0%         N/A       100%        5
 Excruciating Wounds      Necr           0%         N/A       100%        5
 Yara's Violent Unravell  Hex/Tmut       0%         3d3       100%        5
 Enfeeble                 Hex            0%         N/A       100%        7
 Death Channel            Necr           Unusable   N/A       N/A         6

Dungeon Overview and Level Annotations

Branches:
Dungeon (12/15)            Temple (1/1) D:7            Lair (1/6) D:10
    Orc (0/2) D:10

Altars:
Ashenzari
Cheibriados
Dithmenos
Elyvilon
Fedhas
Gozag
Hepliaklqana
Kikubaaqudgha
Makhleb
Nemelex Xobeh
Okawaru
Qazlal
Ru
Sif Muna
Trog
Uskayaw
Vehumet
Wu Jian
Xom
Yredelemnul
Zin
The Shining One
Beogh

Shops:
D:5 [=(   D:6 *

Portals:
Trove: D:11 (give amulet of Vehumet's Anger)
Ice
Cave: Lair:2

Annotations:
D:7 exclusion: statue


Innate Abilities, Weirdness & Mutations

((You are very nimble when in or above water. (Stealth+, EV+, Speed+++)))
Your lower body shifts to a powerful aquatic tail in water.
Armour fits poorly on your strangely shaped body.


Message History

The nine-headed hydra bites you but does no damage.
The nine-headed hydra closely misses you.
The nine-headed hydra completely misses you.
The nine-headed hydra bites you. The nine-headed hydra misses you.
The nine-headed hydra bites you but does no damage.
Unknown command.
You barely miss the nine-headed hydra.
The nine-headed hydra is moderately wounded.
The nine-headed hydra bites you. The nine-headed hydra misses you. x3
The nine-headed hydra bites you.
* * * LOW HITPOINT WARNING * * *
The nine-headed hydra bites you but does no damage.
The nine-headed hydra closely misses you.
The nine-headed hydra bites you but does no damage.
The nine-headed hydra completely misses you.
Blink to where?
Press: ? - help, Dir - move target, p - nine-headed hydra
As you read the scroll of blinking, it crumbles to dust.
Found a gnarled runed staff.
The blink frog blinks!
Found a stone staircase leading up.
The blink frog blinks!
The blink frog attacks as you move away!
The blink frog hits you!
* * * LOW HITPOINT WARNING * * *
A rime drake comes into view.
The rime drake hisses angrily.
The nine-headed hydra is no longer covered in acid.
The rime drake breathes ice at you. The flash freeze hits you!
* * * LOW HITPOINT WARNING * * *
You are encased in ice.
A rime drake comes into view.
The blink frog blinks!
The blink frog misses you.
Found a frozen archway.
The rime drake hisses angrily.
Your blink frog zombie hits the nine-headed hydra!
Your blink frog zombie hits the nine-headed hydra.
The blink frog attacks as you move away!
The blink frog hits you!
You die...
Your body rises from the dead as a mindless zombie.

## .## P###### .P
####..#####....#P.
...##.#...P#.#........
.........>...........<..
..............##..|.....
.............###........
.F......................
.........F.....F@.......
...........D..........≈.
.........Z..........k#..
................#..≈#≈..
.....#...F#.#...P..#≈...
.....##..#####.P..≈..k..
.....F.### ####......∩
.......# #..####
......## ..


You could see a nine-headed hydra, 3 blink frogs, 2 rime drakes and a friendly
blink frog zombie.

Vanquished Creatures
  A two-headed ogre (D:8)
  A flayed ghost (D:8)
  Pikel (D:5)
  2 manticores
  Joseph (D:7)
  2 cane toads
  An unseen horror (D:11)
  2 komodo dragons
  3 trolls
  Grinder (D:3)
  A blink frog (Lair:2)
  4 slime creatures (D:12)
  3 shadows
  4 wraiths (D:8)
  Sigmund (D:3)
  A wyvern (D:10)
  6 yaks
  A fire bat (D:8)
  2 steam dragons
  8 fire elementals
  Eustachio (D:6)
  2 basilisks (D:10)
  5 vampire mosquitoes
  An acid dragon (D:11)
  Duvessa (D:7)
  2 water moccasins
  2 black bears (D:8)
  A sky beast (D:3)
  5 orc warriors
  A swamp drake (D:10)
  2 ice beasts
  An ogre (D:8)
  3 wolves (Lair:1)
  A centaur (D:9)
  A lemure (D:5)
  2 kobold brigands
  Blork the orc (D:5)
  4 bullfrogs
  3 scorpions
  2 gnoll sergeants
  A wyvern zombie (D:8)
  2 necrophages (D:8)
  2 wights (D:8)
  Dowan (D:7)
  A jelly (D:6)
  14 killer bees
  3 howler monkeys
  A crimson imp (D:8)
  2 centaur zombies (D:8)
  A human zombie (D:8)
  3 hounds
  3 gnoll shamans
  3 orc priests
  Crazy Yiuf (D:4)
  An iguana (D:5)
  7 orc wizards
  Ijyb (D:3)
  Terence (D:3)
  A killer bee zombie (D:8)
  2 mummies (D:8)
  A howler monkey zombie (D:8)
  19 gnolls
  4 adders
  A shadow imp (D:7)
  A white imp (D:7)
  An ufetubus (D:5)
  2 worms
  3 dart slugs
  42 orcs
  6 ball pythons
  4 endoplasms
  3 giant cockroaches
  10 goblins
  9 hobgoblins
  3 jackals (D:5)
  2 quokkas
  15 bats
  6 frilled lizards
  A goblin zombie (D:8)
  12 kobolds
  2 kobold skeletons (D:8)
  2 kobold zombies (D:8)
  An orc zombie (D:8)
  7 rats
  A bush (D:4)
296 creatures vanquished.

Vanquished Creatures (collateral kills)
  A centaur warrior (D:9)
  A skeletal warrior (D:12)
  A manticore (D:12)
  Maurice (D:10)
  A cane toad (Lair:1)
  A troll (D:12)
  A hornet (D:9)
  A spriggan (D:11)
  A wyvern (D:10)
  A basilisk (Lair:1)
  4 yaks
  A fire elemental (Lair:1)
  2 vampire mosquitoes (D:12)
  A gnoll sergeant (D:12)
  A wight (D:9)
  5 killer bees (D:9)
  An orc priest (D:9)
  2 gnolls (D:12)
  An orc (D:9)
  5 kobolds (D:12)
33 creatures vanquished.

Vanquished Creatures (others)
  A spectral slime creature (D:12)
  A two-headed ogre zombie (D:8)
  A hornet zombie (D:9)
  3 manticore zombies
  2 vampire mosquito zombies (D:12)
  A komodo dragon zombie (D:10)
  2 yak zombies (D:12)
  A troll zombie (D:12)
  6 killer bee zombies
  A howler monkey zombie (D:9)
  A bat zombie (D:8)
  5 gnoll zombies (D:12)
  2 kobold zombies (D:12)
  23 foxfires (D:7)
  3 fungi (Lair:1)
  12 plants
65 creatures vanquished.

Grand Total: 394 creatures vanquished

Notes
Turn   | Place    | Note
-------+----------+-------------------------------------------
     0 | D:1      | rageheart7 the Merfolk Cinder Acolyte began the quest for
                  | the Orb.
     0 | D:1      | Reached XP level 1. HP: 18/18 MP: 2/2
   260 | D:1      | Reached XP level 2. HP: 24/24 MP: 3/3
  1191 | D:2      | Reached XP level 3. HP: 20/29 MP: 5/5
  1701 | D:2      | Reached XP level 4. HP: 11/37 MP: 6/6
  2431 | D:3      | Noticed Ijyb
  2449 | D:3      | Killed Ijyb
  2619 | D:3      | Noticed a sky beast
  2624 | D:3      | Reached skill level 5 in Polearms
  2643 | D:3      | Killed a sky beast
  2644 | D:3      | Reached XP level 5. HP: 12/43 MP: 8/8
  2881 | D:3      | Found a faded altar of an unknown god.
  2996 | D:3      | Noticed Sigmund
  3011 | D:3      | Killed Sigmund
  3012 | D:3      | Reached skill level 5 in Fighting
  3012 | D:3      | Reached skill level 6 in Polearms
  3012 | D:3      | Reached XP level 6. HP: 17/51 MP: 9/9
  3215 | D:3      | Noticed Terence
  3259 | D:3      | Killed Terence
  3962 | D:3      | Noticed Grinder
  3994 | D:3      | Killed Grinder
  3995 | D:3      | Reached skill level 7 in Polearms
  3995 | D:3      | Reached XP level 7. HP: 19/58 MP: 10/10
  4703 | D:4      | Reached skill level 8 in Polearms
  5422 | D:4      | Found a runed translucent door.
  5423 | D:4      | Noticed Crazy Yiuf
  5579 | D:4      | Killed Crazy Yiuf
  5937 | D:5      | Entered Level 5 of the Dungeon
  5973 | D:5      | Found Sypy's Armour Shoppe.
  6001 | D:5      | Reached XP level 8. HP: 65/65 MP: 11/11
  6110 | D:5      | Found Siohar's Jewellery Boutique.
  6165 | D:5      | Found Qubiom's Weapon Shop.
  6223 | D:5      | Noticed Blork the orc
  6243 | D:5      | Killed Blork the orc
  6329 | D:5      | Found a blossoming altar of Fedhas.
  6340 | D:5      | Noticed Pikel
  6379 | D:5      | Reached skill level 9 in Polearms
  6396 | D:5      | Killed Pikel
  6397 | D:5      | Reached skill level 10 in Polearms
  6935 | D:6      | Noticed Eustachio
  6994 | D:6      | Killed Eustachio
  6995 | D:6      | Reached XP level 9. HP: 37/75 MP: 12/12
  7075 | D:6      | Gained mutation: You tend to lose your temper in combat.
                  | [potion of mutation]
  7075 | D:6      | Gained mutation: You have a pair of small antennae on your
                  | head. [potion of mutation]
  7076 | D:6      | Lost mutation: You have a pair of small antennae on your
                  | head. [potion of mutation]
  7076 | D:6      | Lost mutation: You tend to lose your temper in combat.
                  | [potion of mutation]
  7076 | D:6      | Gained mutation: Armour fits poorly on your strangely
                  | shaped body. [potion of mutation]
  7324 | D:6      | Found Wiwotz's Assorted Antiques.
  7347 | D:6      | Reached skill level 11 in Polearms
  7873 | D:7      | Found a radiant altar of Vehumet.
  7898 | D:7      | Found a staircase to the Ecumenical Temple.
  7944 | D:7      | Noticed Duvessa
  7944 | D:7      | Noticed Dowan
  7958 | D:7      | Killed Duvessa
  7959 | D:7      | Reached skill level 1 in Dodging
  7972 | D:7      | Killed Dowan
  8158 | D:7      | Reached skill level 1 in Armour
  8461 | D:7      | Noticed Joseph
  8511 | D:7      | Killed Joseph
  8592 | D:7      | Reached skill level 10 in Fighting
  8632 | D:7      | Found a burning altar of Makhleb.
  8632 | D:7      | Noticed an Executioner
  8858 | D:8      | Reached skill level 12 in Polearms
  8858 | D:8      | Reached XP level 10. HP: 59/85 MP: 13/13
  8928 | D:8      | Found a snail-covered altar of Cheibriados.
  9079 | D:8      | Found a glowing golden altar of the Shining One.
  9168 | D:8      | Found a glowing silver altar of Zin.
  9168 | D:8      | Noticed an angel
  9252 | D:8      | Reached skill level 5 in Dodging
  9476 | D:8      | Found a basalt altar of Yredelemnul.
  9696 | D:8      | Found a runed translucent door.
  9775 | D:8      | Found a glowing silver altar of Zin.
  9789 | D:8      | Found a sparkling altar of Nemelex Xobeh.
  9833 | D:8      | Found a stormy altar of Qazlal.
  9843 | D:8      | Found a white marble altar of Elyvilon.
  9914 | D:8      | Reached skill level 13 in Polearms
  9921 | D:8      | Found a stormy altar of Qazlal.
  9921 | D:8      | Noticed a two-headed ogre
  9960 | Temple   | Entered the Ecumenical Temple
 10220 | D:8      | Fell from the grace of Ignis
 10220 | D:8      | Became a worshipper of Yredelemnul the Dark
 10412 | D:8      | Killed a two-headed ogre
 10412 | D:8      | Reached * piety under Yredelemnul
 10413 | D:8      | Noticed a flayed ghost
 10501 | D:8      | Found a hide-covered altar of Uskayaw.
 10561 | D:8      | Killed a flayed ghost
 10562 | D:8      | Reached XP level 11. HP: 90/90 MP: 14/14
 10813 | D:9      | Reached ** piety under Yredelemnul
 10929 | D:9      | Found an opulent altar of Gozag.
 11020 | D:9      | Noticed a centaur warrior
 11035 | D:9      | Killed a centaur warrior
 11036 | D:9      | Reached skill level 14 in Polearms
 11036 | D:9      | Reached skill level 5 in Armour
 11607 | D:10     | Entered Level 10 of the Dungeon
 11715 | D:10     | Reached skill level 1 in Invocations
 11784 | D:10     | Found a staircase to the Lair.
 11957 | D:10     | Noticed Maurice
 11959 | D:10     | Paralysed by something for 2 turns
 11972 | D:10     | Killed Maurice
 11974 | D:10     | Found a staircase to the Orcish Mines.
 12065 | D:10     | Identified the +1 chain mail of Midnight {Dex+4}
 12102 | D:10     | You fall into a shaft and drop 1 floor!
 12102 | D:11     | Noticed a manticore
 12114 | D:11     | Killed a manticore
 12166 | D:11     | Found a portal to a secret trove of treasure.
 12178 | D:11     | Reached skill level 10 in Dodging
 12515 | D:11     | Reached *** piety under Yredelemnul
 12600 | D:11     | Identified the +2 robe "Bograd" {rN+ Regen+}
 12659 | D:12     | Reached XP level 12. HP: 97/97 MP: 15/15
 12695 | D:12     | Reached skill level 15 in Polearms
 12794 | D:12     | Reached skill level 5 in Invocations
 13001 | D:12     | Reached **** piety under Yredelemnul
 13066 | D:12     | Reached ***** piety under Yredelemnul
 13278 | Lair:1   | Entered Level 1 of the Lair of Beasts
 13530 | Lair:1   | Identified the +0 robe of Divine Compulsion {Contam +Blink
                  | rCorr Str+4}
 13603 | Lair:1   | You fall into a shaft and drop 1 floor!
 13603 | Lair:2   | Was forgiven by Ignis
 13623 | Lair:2   | Noticed a four-headed hydra
 13642 | Lair:2   | HP: 4/97 [rime drake/flash freeze (16)]
 13643 | Lair:2   | Found a frozen archway.
 13644 | Lair:2   | Slain by a blink frog

Illustrated notes

Levels and vault maps discovered:
D:1:      giann_wishing_wells, layout_basic
D:2:      layout_basic, minmay_diced_spiral
D:3:      layout_basic, hellmonk_ecumenical_altar_pennies_from_heaven,
          minmay_fractal_squares_diagonal_5, uniq_ijyb, uniq_sigmund,
          uniq_terence, uniq_grinder
D:4:      layout_loops_corners, grunt_decor_one_mirror, lexackson_kobold_supper,
          uniq_crazy_yiuf_cottage
D:5:      layout_gridville, fedhas_ov_isle_minmay, serial_glass,
          glass_columns_c, glass_columns_c, glass_columns_a, glass_columns_b,
          glass_columns_a, glass_columns_c, glass_columns_a, glass_columns_c,
          glass_columns_b, glass_columns_c, serial_shops,
          nicolae_shop_window_shopping, nicolae_shop_bloodbath_and_beyond,
          nicolae_shop_behind_doors, uniq_blork_the_orc, uniq_pikel
D:6:      layout_loops_corners, serial_shops,
          nicolae_shop_competitors_out_of_business,
          chequers_serial_rivers_micro_c, st_stairs_14, sigmund_army,
          uniq_eustachio
D:7:      layout_cave_pods, vehumet_statue, makhleb_altar_promises_db,
          minmay_temple_entry_glass, kennysheep_generic_room_5, uniq_duvessa,
          uniq_joseph
D:8:      due_megacathedral, layout_rooms, zin_angel, kennysheep_slug_shrine,
          nicolae_tso_besieged_by_evil, lemuel_mausoleum_altar_yredelemnul,
          special_room [special_room_orc]
D:9:      layout_loops_corners, nicolae_gozag_seed_capital, st_stairs_1
D:10:     layout_basic, erik_lair_dragon, orc_david_3, grunt_tough_drop,
          uniq_maurice, uniq_josephine
D:11:     layout_basic, enter_trove_1, the_hattery
D:12:     layout_irregular_city, nicolae_specific_store, st_stairs_2
Temple:   dpeg_chambers_temple
Lair:1:   layout_loops_ring, eino_small_chamber_without_monster,
          dreamdust_gnoll_shepherd, grunt_megastairs_4
Lair:2:   layout_cave_shapes, minmay_swamp_entry_worms, portal_ice_cave_rime,
          beast_lair_carwin_6

Skill      XL: |  1  2  3  4  5  6  7  8  9 10 11 12 |
---------------+-------------------------------------+-----
Spellcasting   | 2 |  2.6
Fighting       | 4 5 6 8 10 | 10.0
Polearms       | 5 6 7 8 10 12 13 14 15 | 15.6
Fire Magic     | 3 |  3.0
Dodging        | 4 8 10 11 | 11.6
Armour         | 2 4 6 |  6.7
Invocations    | 4 6 |  6.1

Action                   |  1- 3 |  4- 6 |  7- 9 | 10-12 || total
-------------------------+-------+-------+-------+-------++-------
Melee: Spear             |   113 |   157 |   384 |       ||   654
       Punch             |       |       |     7 |     1 ||     8
       Halberd           |       |       |   190 |   349 ||   539
       Trident           |       |       |    62 |   383 ||   445
       Tailslap          |       |       |       |     2 ||     2
Invok: Fiery Armour      |     1 |     2 |     2 |     2 ||     7
       Foxfire Swarm     |       |     1 |     3 |       ||     4
       Rising Flame      |       |       |       |     1 ||     1
Evoke: Wand              |       |       |     2 |    11 ||    13
  Use: Potion            |       |     4 |     4 |     9 ||    17
       Scroll            |       |     4 |     7 |    10 ||    21
 Stab: Paralysed         |       |       |       |     3 ||     3
       Distracted        |       |       |       |     3 ||     3
Armor: Robe              |     4 |       |       |       ||     4
       Ring mail         |    32 |    36 |   186 |   227 ||   481
       Skin              |       |       |    13 |    62 ||    75
Dodge: Dodged            |    45 |    40 |   170 |   338 ||   593
Block: Other             |       |       |    10 |       ||    10

Table legend: (Time is in decaauts)
 A = Elapsed time spent in this place.
 B = Non-inter-level travel time spent in this place.
 C = Inter-level travel time spent in this place.
 D = Time resting spent in this place.
 E = Time spent auto-exploring this place.
 F = Levels seen in this place.
 G = Mean time per level.
                   A        B        C        D        E       F      G
               +--------+--------+--------+--------+--------+-----+--------+
         Total |  13203 |  12594 |    609 |    100 |   9937 |  15 |  880.2 |
       Dungeon |  12629 |  12043 |    586 |    100 |   9513 |  12 | 1052.4 |
        Temple |    226 |    204 |     22 |      0 |    191 |   1 |  226.0 |
          Lair |    347 |    347 |      0 |      0 |    233 |   2 |  173.5 |
               +--------+--------+--------+--------+--------+-----+--------+

Top non-repeatable levels by time:
     D:3: 1879 daAuts
     D:4: 1519 daAuts
     D:8: 1380 daAuts
     D:2: 1274 daAuts
     D:1: 1134 daAuts
     D:7: 1056 daAuts
     D:9: 976 daAuts
     D:6: 965 daAuts
     D:5: 836 daAuts
    D:11: 570 daAuts
    D:10: 569 daAuts
    D:12: 466 daAuts
  Lair:1: 310 daAuts
  Temple: 226 daAuts
  Lair:2: 36 daAuts
